 Dungeon Crawl Stone Soup version 0.30.0-10-gfe55d96785 (webtiles) character file.

Game seed: 14264635625331701106

2 Firecrotchwizard the Chopper (level 1, -1/20 HPs)
             Began as a Hill Orc Monk on May 16, 2023.
             Slain by a gnoll
             ... wielding a +0 club
              (4 damage)
             ... on level 1 of the Dungeon.
             The game lasted 00:00:20 (31 turns).

Firecrotchwizard the Chopper (Hill Orc Monk)          Turns: 31, Time: 00:00:21

Health: -1/20      AC:  2    Str: 13    XL:     1   Next: 40%
Magic:  1/1        EV: 12    Int: 10    God:
Gold:   0          SH:  0    Dex: 13    Spells: 0/0 levels left

rFire   . . .        a - +0 hand axe
rCold   . . .        d - orb {light}
rNeg    . . .        b - +0 robe
rPois   .            (no helmet)
rElec   .            (no cloak)
rCorr   .            (no gloves)
SInv    .            (no boots)
Will    .....        e - amulet of magic regeneration
Stlth   +            (no ring)
HPRegen 0.23/turn    (no ring)
MPRegen 0.47/turn

%: no passive effects
@: glowing
A: no striking features
a: no special abilities


You were on level 1 of the Dungeon.
You visited 1 branch of the dungeon, and saw 1 of its levels.

Inventory:

Hand Weapons
 a - a +0 hand axe (weapon)
Armour
 b - a +0 robe (worn)
 d - an orb of light (worn)
Jewellery
 e - an amulet of magic regeneration (around neck)
Potions
 c - a potion of ambrosia


   Skills:
 + Level 3.7 Fighting
 * Level 4.1 Axes
 + Level 0.2 Armour
 - Level 2.4 Dodging


You couldn't memorise any spells.
You didn't know any spells.
Your spell library was empty.

Dungeon Overview and Level Annotations

Branches:
Dungeon (1/15)

Altars:


Message History

Lua error: /dgldir/rcfiles/crawl-0.30/Firecrotchwizard.rc:334: '' expected near 'end' Welcome, Firecrotchwizard the Hill Orc Monk.
Will you be the one to retrieve the fabled Orb of Zot from the depths?
Press ? for a list of commands and other information.
Found a blackened ruby amulet and a leather armour.
Found a staircase leading out of the dungeon.
e - an amulet of magic regeneration You start putting on your amulet.
You continue putting on your amulet of magic regeneration. x5
You finish putting on your amulet of magic regeneration.
e - an amulet of magic regeneration (around neck)
A hobgoblin comes into view.
Found a smoky golden potion.
The hobgoblin shouts!
You hear a shout!
A rat comes into view.
A hobgoblin comes into view.
Found a scroll labelled LIZISO IDI BATT.
The hobgoblin shouts!
A gnoll comes into view. It is wielding a +0 club.
A rat comes into view.
Found a scroll labelled VUS OGHIUGE and a fuming yellow potion.
A bat comes into view.
The bat moves out of view.
You hit the hobgoblin but do no damage. The hobgoblin closely misses you.
You hit the hobgoblin.
The hobgoblin is severely wounded.
The hobgoblin barely misses you.
You hit the hobgoblin.
You kill the hobgoblin!
You hit the hobgoblin but do no damage. The hobgoblin hits you.
A jackal comes into view.
The hobgoblin attacks as you move away! The hobgoblin barely misses you.
You hit the rat.
You kill the rat!
The bat misses you. The hobgoblin completely misses you.
The gnoll hits you with a +0 club.
* * * LOW HITPOINT WARNING * * *
The bat hits you but does no damage. The bat attacks as you move away!
The bat hits you but does no damage. The gnoll attacks as you move away!
The gnoll barely misses you. The bat misses you. x2
You are too injured to fight recklessly!
You are too injured to fight recklessly!
You are too injured to fight recklessly!
You closely miss the bat. The bat hits you but does no damage. x2
You hit the bat.
The bat is moderately wounded.
The bat closely misses you. x2
You hit the bat but do no damage.
The bat is moderately wounded.
The bat completely misses you. The bat hits you.
* * * LOW HITPOINT WARNING * * *
You closely miss the bat.
The bat is moderately wounded.
The bat misses you. The bat hits you but does no damage.
The rat barely misses you. The hobgoblin closely misses you.
The gnoll barely misses you.
A jackal comes into view.
The bat closely misses you.
You slash the rat!
You kill the rat!
The bat hits you.
* * * LOW HITPOINT WARNING * * *
You hit the gnoll.
The gnoll is lightly wounded.
You closely miss the bat. The bat barely misses you. The bat hits you.
* * * LOW HITPOINT WARNING * * *
The gnoll hits you with a +0 club.
* * * LOW HITPOINT WARNING * * *
The jackal barks!
You hit the gnoll.
The gnoll is heavily wounded.
You hit the bat.
You hear a bark!
You hear a shout!
The bat barely misses you.
A jackal comes into view.
The gnoll closely misses you. The gnoll hits you with a +0 club.
* * * LOW HITPOINT WARNING * * *
The bat closely misses you.
The jackal moves out of view.
You barely miss the gnoll.
The gnoll is heavily wounded.
You hit the bat.
You kill the bat!
The gnoll hits you with a +0 club.
You die...

##### ####...####
###.........######
.......<......†@.#
###.........####g#
####[..####...gh......
##### #####......h
.#.##h# ..#.! .#?##.
.#. # ?. !


You could see a gnoll, a jackal and a hobgoblin.

Vanquished Creatures
  A hobgoblin (D:1)
  A bat (D:1)
  2 rats (D:1)
4 creatures vanquished.

Notes
Turn   | Place    | Note
-------+----------+-------------------------------------------
     0 | D:1      | Firecrotchwizard the Hill Orc Monk began the quest for the
                  | Orb.
     0 | D:1      | Reached XP level 1. HP: 19/19 MP: 1/1
    31 | D:1      | Slain by a gnoll

Illustrated notes

Levels and vault maps discovered:
D:1:      dpeg_arrival_rhombus, layout_rooms, minmay_small_reverse_x

Action                     || total
---------------------------++-------
  Melee: Hand axe          ||    12
 Armour: Robe              ||     5
  Dodge: Dodged            ||    20
